 Dungeon Crawl Stone Soup version 0.30.0-29-ga12c61a403 (webtiles) character file.

Game seed: 14724037800355504571

6369 safid the Frost Mage (level 10, -3/82 HPs)
             Began as a Merfolk Ice Elementalist on June 12, 2023.
             Slain by an orc warrior
             ... wielding a +0 flail
              (4 damage)
             ... on level 10 of the Dungeon.
             The game lasted 00:21:41 (10110 turns).

safid the Frost Mage (Merfolk Ice Elementalist)    Turns: 10110, Time: 00:21:42

Health: -3/82      AC:  5    Str:  8    XL:     10   Next: 97%
Magic:  21/21      EV: 13    Int: 23    God:
Gold:   327        SH:  6    Dex: 20    Spells: 12/24 levels left

rFire   . . .        g - +3 short sword (speed)
rCold   + . .        h - +0 buckler of the Teaching Gods {Dex+6}
rNeg    . . .        a - +0 robe
rPois   .            O - +2 helmet {Int+3}
rElec   .            (no cloak)
rCorr   .            (no gloves)
SInv    .            (no boots)
Will    +....        c - amulet of regeneration
Stlth   ++           k - ring of willpower
HPRegen 1.13/turn    s - ring of protection from cold
MPRegen 0.17/turn

%: no passive effects
@: marked
A: (nimble swimmer 2), mertail
a: no special abilities


You were on level 10 of the Dungeon.
You visited 1 branch of the dungeon, and saw 10 of its levels.

You collected 512 gold pieces.
You spent 185 gold pieces at shops.

Inventory:

Hand Weapons
 g - a +3 short sword of speed (weapon)
 p - a +0 arbalest
Missiles
 F - a throwing net
Armour
 a - a +0 robe (worn)
 h - the +0 buckler of the Teaching Gods (worn) {Dex+6}
   (You acquired it on level 5 of the Dungeon)

   Dex:       It affects your dexterity (+6).
 O - a +2 helmet of intelligence (worn)
Jewellery
 c - an amulet of regeneration (around neck)
 d - a ring of positive energy
 k - a ring of willpower (left hand)
 s - a ring of protection from cold (right hand)
 I - a ring of wizardry
 K - a ring of ice
Wands
 b - a wand of polymorph (4)
 B - a wand of paralysis (11)
 E - a wand of flame (15)
 G - a wand of iceblast (23)
Scrolls
 i - 3 scrolls of magic mapping
 m - 2 scrolls of blinking
 n - 2 scrolls of fog {unknown}
 t - 4 scrolls of teleportation
 u - a scroll of immolation {unknown}
 x - a scroll of amnesia {unknown}
 y - 2 scrolls of enchant armour
 H - 3 scrolls of enchant weapon
 J - a scroll of torment {unknown}
 M - a scroll of noise {unknown}
 N - a scroll of fear {unknown}
Potions
 e - 7 potions of curing
 f - 4 potions of ambrosia
 j - 4 potions of lignification
 l - 3 potions of berserk rage
 o - a potion of resistance {unknown}
 q - 3 potions of flight
 v - 2 potions of magic
 w - 2 potions of might
 z - a potion of invisibility {unknown}
 A - a potion of heal wounds
 C - a potion of haste {unknown}
 D - a potion of brilliance {unknown}
Miscellaneous
 L - a phantom mirror


   Skills:
 + Level 8.8 Fighting
 - Level 4.0 Dodging
 - Level 2.1 Stealth
 + Level 5.8 Shields
 + Level 7.7 Spellcasting
 + Level 2.4 Conjurations
 + Level 4.2 Transmutations
 + Level 10.1 Ice Magic


You had 12 spell levels left.
You knew the following spells:

 Your Spells              Type           Power      Damage    Failure   Level
a - Freeze                Ice            100%       1d10      1%          1
b - Frozen Ramparts       Ice            100%       1d16      1%          3
c - Ozocubu's Armour      Ice            53%        N/A       1%          3
d - Irradiate             Conj/Tmut      12%        3d15      58%         5

Your spell library contained the following spells:

 Spells                   Type           Power      Damage    Failure   Level
 Slow                     Hex            32%        N/A       11%         1
 Summon Ice Beast         Ice/Summ       32%        N/A       13%         4
 Sublimation of Blood     Necr           8%         N/A       16%         2
 Dazzling Flash           Conj/Hex       28%        N/A       19%         3
 Confusing Touch          Hex            8%         N/A       30%         3
 Vampiric Draining        Necr           8%         2d6       30%         3
 Volatile Blastmotes      Fire/Tloc      16%        2d11      30%         3
 Petrify                  Tmut/Erth      18%        N/A       41%         4
 Iskenderun's Mystic Bla  Conj/Tloc      14%        2d5       52%         4
 Starburst                Conj/Fire      7%         6d4       100%        6


Dungeon Overview and Level Annotations

Branches:
Dungeon (10/15)
 Temple: D:4-7         Lair: D:8-11         Orc: D:9-12

Altars:
Ashenzari
Fedhas
Nemelex Xobeh
Ru
Uskayaw
Wu Jian
Xom
Zin

Shops:
D:2 *   D:3 =   D:6 *   D:10 *

Annotations:
D:4 2 transporters, benadryl's ghost, novice DjIE
D:9 4 transporters, 3 runed translucent doors, Irreverend's ghost, novice DjFE
D:10 Harold; Josephine


Innate Abilities, Weirdness & Mutations

((You are very nimble when in or above water. (Stealth+, EV+, Speed+++)))
Your lower body shifts to a powerful aquatic tail in water.


Message History

The orc warrior shouts!
The orc priest shouts!
The orc shouts!
Harold the Weathered comes into view.
He is wielding a +0 trident and wearing a +1 scale mail of willpower.
Found a stone staircase leading up.
Unknown command.
Harold shouts!
Harold fires a harpoon shot at you. The harpoon shot hits you!
You are yanked forward by the harpoon shot.
Found a stone staircase leading down.
You block Harold's attack.
Harold throws a throwing net.
You block the throwing net.
You see here a throwing net.
Unknown command.
Harold casts a spell at you. A sentinel's mark forms upon you.
The orc priest attacks as you move away!
The orc priest hits you with a +0 falchion.
Harold throws a throwing net.
The throwing net hits you.
You become entangled in the net!
You see here a throwing net.
You struggle against the net.
Harold fires a harpoon shot at you. The harpoon shot hits you!
You are yanked forward by the harpoon shot.
Unknown command.
The orc warrior attacks as you move away!
The orc warrior hits you with a +0 flail!
Harold hits you with a +0 trident!
Unknown command.
The orc warrior attacks as you move away!
The orc warrior hits you with a +0 flail!
* * * LOW HITPOINT WARNING * * *
Harold hits you but does no damage.
Unknown command.
Harold hits you from afar with a +0 trident!
* * * LOW HITPOINT WARNING * * *
Unknown command.
The orc warrior attacks as you move away!
The orc warrior hits you with a +0 flail.
You die...

##.......#####################..#
.........# #..........#......#
.........# #..........########
.........# #..........[.......
.........# #..............####
.........# #..............#...
......#### #..............#...
......# #....o.........#...
......# #<@o.o.(..###..#...
......# ###.@.....#.####...
...... #.$...(##........
#......#.........
........#.........
##....>..#.........
#.......#.#'###...
#.......#.#...#...
#.......#.#...#...


You could see Harold, an orc warrior, an orc priest and an orc.

Vanquished Creatures
  Erica (D:10)
  Pikel (D:7)
  A kobold demonologist (D:9)
  A troll (D:10)
  Sigmund (D:2)
  A shadow (D:7)
  A wyvern (D:9)
  4 wraiths (D:10)
  4 yaks (D:10)
  A steam dragon (D:9)
  Edmund (D:5)
  An acid dragon (D:10)
  3 water moccasins (D:6)
  2 ice beasts
  3 orc warriors
  2 ogres
  2 centaurs
  3 lemures (D:7)
  2 phantoms
  2 kobold brigands
  A bullfrog (D:9)
  2 scorpions (D:5)
  2 wyvern zombies (D:6)
  A howler monkey (D:8)
  5 crimson imps
  2 bullfrog zombies (D:6)
  3 hounds
  A centaur skeleton (D:6)
  5 orc priests
  A sleepcap (D:6)
  Ijyb (D:5)
  Terence (D:2)
  4 iguanas
  5 orc wizards
  A killer bee zombie (D:6)
  A howler monkey zombie (D:6)
  6 gnolls
  6 adders
  A shadow imp (D:7)
  3 white imps
  3 ufetubi
  2 worms
  3 dart slugs
  25 orcs
  6 endoplasms
  3 giant cockroaches
  11 goblins
  9 hobgoblins
  7 jackals
  21 kobolds
  4 quokkas
  11 ball pythons
  4 bats
  7 frilled lizards
  5 rats
210 creatures vanquished.

Notes
Turn   | Place    | Note
-------+----------+-------------------------------------------
     0 | D:1      | safid the Merfolk Ice Elementalist began the quest for the
                  | Orb.
     0 | D:1      | Reached XP level 1. HP: 13/13 MP: 3/3
    55 | D:1      | Found a faded altar of an unknown god.
   230 | D:1      | Reached XP level 2. HP: 20/20 MP: 3/5
   232 | D:1      | Reached skill level 1 in Fighting
   803 | D:1      | Reached XP level 3. HP: 26/26 MP: 6/6
   807 | D:1      | Learned a level 3 spell: Frozen Ramparts
  1235 | D:2      | Reached skill level 5 in Ice Magic
  1236 | D:2      | Reached XP level 4. HP: 4/33 MP: 1/8
  1240 | D:2      | Learned a level 3 spell: Ozocubu's Armour
  1423 | D:2      | Noticed Sigmund
  1487 | D:2      | Found Olysmeq's Assorted Antiques.
  1665 | D:2      | Noticed Terence
  1712 | D:2      | Killed Terence
  1713 | D:2      | Reached XP level 5. HP: 5/39 MP: 1/9
  2093 | D:2      | Killed Sigmund
  2094 | D:2      | Reached XP level 6. HP: 9/47 MP: 7/11
  2374 | D:3      | Found a sacrificial altar of Ru.
  2374 | D:3      | Found a blossoming altar of Fedhas.
  2404 | D:3      | Found Tidasoet's Jewellery Boutique.
  2429 | D:3      | Reached skill level 6 in Ice Magic
  2925 | D:3      | Found an ornate altar of the Wu Jian Council.
  3569 | D:4      | Reached XP level 7. HP: 7/54 MP: 2/13
  3963 | D:4      | Found a transporter.
  3965 | D:4      | Noticed benadryl's ghost (novice DjIE)
  3966 | D:4      | Found a transporter.
  4634 | D:5      | Entered Level 5 of the Dungeon
  4798 | D:5      | Reached skill level 5 in Fighting
  4843 | D:5      | Noticed Ijyb
  4852 | D:5      | Reached skill level 7 in Ice Magic
  4856 | D:5      | Killed Ijyb
  4859 | D:5      | Reached XP level 8. HP: 24/62 MP: 7/15
  5022 | D:5      | Reached skill level 5 in Spellcasting
  5036 | D:5      | Noticed Edmund
  5060 | D:5      | Killed Edmund
  5461 | D:5      | Identified 2 scrolls of acquirement
  5472 | D:5      | Acquired an amulet of regeneration
  5479 | D:5      | Acquired the +0 buckler of the Teaching Gods {Dex+6}
  5801 | D:6      | Found a glowing silver altar of Zin.
  5821 | D:6      | Reached skill level 1 in Shields
  6149 | D:6      | Reached skill level 8 in Ice Magic
  6247 | D:6      | Found Joduf's Serpentskin Sales.
  6254 | D:6      | Reached XP level 9. HP: 66/71 MP: 13/17
  6396 | D:6      | Found a sparkling altar of Nemelex Xobeh.
  6551 | D:6      | Found a shimmering altar of Xom.
  7028 | D:7      | Noticed Pikel
  7044 | D:7      | Killed Pikel
  7045 | D:7      | Reached skill level 9 in Ice Magic
  7427 | D:7      | Reached XP level 10. HP: 46/80 MP: 17/20
  8094 | D:8      | Learned a level 5 spell: Irradiate
  8550 | D:8      | Found a broken altar of Ashenzari.
  8560 | D:8      | Found a hide-covered altar of Uskayaw.
  8725 | D:9      | Reached skill level 1 in Transmutations
  8754 | D:9      | Found a transporter.
  8758 | D:9      | Found a transporter.
  8840 | D:9      | Found a transporter.
  8859 | D:9      | Found a transporter.
  9124 | D:9      | Noticed a kobold demonologist
  9135 | D:9      | Killed a kobold demonologist
  9136 | D:9      | Reached skill level 5 in Shields
  9136 | D:9      | Reached skill level 1 in Conjurations
  9351 | D:9      | Found a runed translucent gate.
  9352 | D:9      | Found a runed translucent gate.
  9353 | D:9      | Found a runed translucent gate.
  9354 | D:9      | Noticed Irreverend's ghost (novice DjFE)
  9400 | D:10     | Entered Level 10 of the Dungeon
  9750 | D:10     | Noticed Erica
  9758 | D:10     | Killed Erica
  9847 | D:10     | Noticed a two-headed ogre
  9883 | D:10     | Reached skill level 10 in Ice Magic
  9940 | D:10     | Noticed Josephine
 10069 | D:10     | Found Evow Eki's General Store.
 10072 | D:10     | Bought a +1 helmet of intelligence for 165 gold pieces
 10072 | D:10     | Bought a scroll of identify for 20 gold pieces
 10099 | D:10     | Noticed Harold
 10109 | D:10     | HP: 1/82 [Harold/+0 trident (17)]
 10110 | D:10     | Slain by an orc warrior

Illustrated notes

Levels and vault maps discovered:
D:1:      dpeg_arrival_stonehenge_8_columns, layout_basic,
          hellmonk_ecumenical_altar_prayer_group, grunt_decor_arrowhead
D:2:      layout_rooms, serial_shops, shop, uniq_terence, uniq_sigmund
D:3:      layout_loops_ring, nzn_wu_jian_contemplation, jmf_multi_god_temple,
          serial_shops, nicolae_shop_gaudy_bauble, uniq_crazy_yiuf_cottage
D:4:      cheibrodos_barr_body, layout_gridville, gammafunk_ghost_mausoleum,
          nicolae_concentric_dashed_squares_mild, st_stairs_11,
          minmay_fire_ice_demons
D:5:      layout_basic, minmay_temple_entry_statues_fountains,
          kennysheep_opposing_triangles, uniq_ijyb, uniq_edmund
D:6:      layout_basic, led_xom_imps, mainiacjoe_overflow_cross_hatched,
          mainiacjoe_overflow_alcove_4, serial_undead, serial_undead_d,
          serial_undead_f, serial_undead_f, serial_undead_e, guppyfry_shop_venom
D:7:      layout_basic, uniq_pikel
D:8:      layout_loops_ring, amethyst_overflow_temple_binary
D:9:      layout_basic, ebering_ghost_rock_garden, nicolae_transporter_circle
D:10:     layout_irregular_city, lemuel_coloured_pillars_altar, serial_shops,
          shop, uniq_erica, uniq_josephine, uniq_harold

Skill      XL: |  1  2  3  4  5  6  7  8  9 10 |
---------------+-------------------------------+-----
Fighting       | 1 2 3 4 5 6 7 8 |  8.8
Ice Magic      | 5 6 7 8 9 10 | 10.1
Spellcasting   | 3 4 5 7 |  7.7
Dodging        | 4 |  4.0
Shields        | 2 4 5 |  5.8
Transmutations | 4 |  4.2
Conjurations   | 2 |  2.4
Stealth        | |  2.1

Action                     |  1- 3 |  4- 6 |  7- 9 | 10-12 || total
---------------------------+-------+-------+-------+-------++-------
  Melee: Unarmed           |     1 |       |       |       ||     1
         Dagger            |    22 |    69 |       |       ||    91
         Punch             |     1 |     2 |     1 |       ||     4
         Short sword       |       |    24 |   316 |    84 ||   424
         Tailslap          |       |       |     1 |       ||     1
   Fire: Arbalest          |       |    39 |       |       ||    39
   Cast: Freeze            |    37 |    31 |    27 |    27 ||   122
         Frozen Ramparts   |     1 |    13 |    29 |    14 ||    57
         Ozocubu's Armour  |       |     4 |    21 |    11 ||    36
    Use: Potion            |       |     2 |       |       ||     2
         Scroll            |       |       |    10 |     7 ||    17
   Stab: Sleeping          |     1 |     1 |     3 |     1 ||     6
 Armour: Robe              |     8 |    37 |    66 |    12 ||   123
  Dodge: Dodged            |    35 |   100 |   184 |    46 ||   365
  Block: Buckler           |       |       |    45 |    33 ||    78
